AoeStats
← Kez

MegaRandom

508446286Analyzed
3v3 RM · 9d ago on Sep 22, 2026· 41m 28s· 6 players
Game mode
Random Map
Map size
Normal (6 player)
Population
200
Speed
Normal
Resources
Standard
Victory
Conquest
Starting age
Dark Age
Ending age
Imperial Age
RankedLock teamsTeams togetherTeam positionsShared explorationLock speedFull tech treeHidden civsTurbo modeCheats
Victory
Defeat
🇨🇱 Spanish · Chile
1481
+11
🇳🇱 Khmer · Netherlands
1335
+17
🇵🇪 Hindustanis · Peru
1250
+20
🇲🇴 Vikings · Macao SAR China
1377
-17
🇪🇸 Persians · Spain
1376
-17
🇨🇳 Bohemians · China
1307
-14
dont help
4:04 Loom
10:14 Feudal Age
10:56 Double-Bit Axe
11:19 Loom
18:27 Castle Age
17:57 Gold Mining
18:55 Crossbowman
21:43 Fletching
22:32 Bodkin Arrow
28:41 Ballistics
TwT
1:59 Loom
11:31 Feudal Age
16:44 Castle Age
14:43 Double-Bit Axe
15:48 Horse Collar
18:57 Bow Saw
19:38 Heavy Plow
20:51 Fervor
23:40 Wheelbarrow
30:13 Imperial Age
28:49 Scale Mail Armor
28:59 Forging
29:02 Pikeman
29:42 Squires
31:36 Chemistry
31:03 Arson
32:53 Chain Mail Armor
33:13 Iron Casting
34:02 Conscription
34:14 Capped Ram
35:54 Halberdier
40:10 Two-Man Saw
Cris Jr.
8:37 Loom
10:22 Feudal Age
11:49 Double-Bit Axe
15:59 Castle Age
14:54 Horse Collar
17:36 Scale Barding Armor
18:00 Bow Saw
20:38 Fletching
22:22 Bloodlines
22:28 Bloodlines
28:24 Wheelbarrow
28:15 Town Watch
28:44 Stone Mining
30:04 Husbandry
30:26 Heavy Plow
30:19 Gold Mining
32:10 Hand Cart
33:35 Gold Shaft Mining
36:47 Imperial Age
34:42 Chain Barding Armor
35:21 Forging
36:48 Iron Casting
36:26 Cavalier
37:58 Crop Rotation
38:31 Two-Man Saw
38:10 Conscription
39:13 Plate Barding Armor
40:44 Blast Furnace
39:46 Savar
40:44 Citadels
40:46 Bodkin Arrow
41:57 Chemistry
41:18 Ballistics
41:12 Masonry
Kez
7:24 Loom
10:05 Feudal Age
16:18 Bloodlines
21:10 Castle Age
19:22 Horse Collar
19:40 Double-Bit Axe
21:38 Scale Barding Armor
21:35 Light Cavalry
22:53 Chain Barding Armor
25:24 Wheelbarrow
29:31 Forging
29:24 Husbandry
30:12 Hand Cart
29:43 Town Watch
30:45 Gold Mining
34:20 Iron Casting
36:29 Imperial Age
34:49 Heavy Plow
35:03 Bow Saw
36:41 Cavalier
38:23 Plate Barding Armor
39:19 Blast Furnace
40:22 Conscription
40:11 Elite Battle Elephant
Diegazo
8:22 Loom
11:09 Feudal Age
15:13 Castle Age
13:44 Double-Bit Axe
13:42 Horse Collar
19:57 Padded Archer Armor
22:58 Leather Archer Armor
25:37 Bloodlines
28:40 Husbandry
32:54 Gold Mining
39:35 Imperial Age
42:12 Ring Archer Armor
Dr. House
7:54 Loom
9:53 Feudal Age
10:54 Double-Bit Axe
10:50 Horse Collar
20:50 Castle Age
19:23 Gold Mining
21:56 Forging
22:06 Bow Saw
22:33 Wheelbarrow
23:38 Scale Mail Armor
23:56 Husbandry
24:17 Heavy Plow
25:19 Chain Mail Armor
25:12 Scale Barding Armor
25:50 Gold Shaft Mining
25:48 Bloodlines
26:42 Hand Cart
26:34 Town Watch
32:10 Iron Casting
35:37 Imperial Age
33:31 Ballistics
33:25 Town Patrol
33:28 Padded Archer Armor
33:49 Chain Barding Armor
34:52 Stone Mining
35:30 Thumb Ring
35:46 Leather Archer Armor
36:29 Fletching
37:57 Chemistry
36:28 Heavy Camel Rider
38:12 Blast Furnace
38:16 Ring Archer Armor
40:43 Two-Man Saw
Connection lost

Rejoining the realm…

Still unreachable

The connection could not be restored.

Session expired

The server has moved on; the page needs a fresh start.